 Dungeon Crawl Stone Soup version 0.31.0-11-ge490571c62 (webtiles) character file.

Game seed: 5948918000275015929

104 NamelessAdventurer the Firebug (level 4, -2/35 HPs)
             Began as a Hill Orc Fire Elementalist on Jan 27, 2024.
             Slain by a ball python (3 damage)
             ... in a sewer.
             The game lasted 00:05:23 (1465 turns).

NamelessAdventurer the Firebug (HOFE)               Turns: 1465, Time: 00:05:24

Health: -2/35      AC:  2    Str: 15 (16) XL:     4   Next: 80%
Magic:  7/7        EV:  9    Int: 13 (15) God:
Gold:   13         SH:  0    Dex: 12 (14) Spells: 4/7 levels left

rFire   . . .        e - +9 hand axe "Zaiddaix" {speed, *Corrode Str+4 Dex+3}
rCold   . . .        (no shield)
rNeg    . . .        a - +0 robe
rPois   .            (no helmet)
rElec   .            (no cloak)
rCorr   .            (no gloves)
SInv    .            (no boots)
Will    +....        (no amulet)
Stlth   ++           (no ring)
HPRegen 0.25/turn    (no ring)
MPRegen 0.10/turn

%: corrode self (3%)
@: enlightened, flying, constricted
A: no striking features
a: no special abilities


You were in a sewer.
You visited 1 branch of the dungeon, and saw 3 of its levels.
You also visited: Sewer.

You collected 13 gold pieces.

Inventory:

Hand Weapons
 e - the +9 hand axe "Zaiddaix" (weapon) {speed, *Corrode Str+4 Dex+3}
   (You found it on level 2 of the Dungeon)

   Str+4:     It affects your strength (+4).
   Dex+3:     It affects your dexterity (+3).
   *Corrode:  It may corrode you when you take damage.
Armour
 a - a +0 robe (worn)
Potions
 b - a potion of magic
 d - a potion of haste
 g - a potion of heal wounds {unknown}


   Skills:
 * Level 1.0 Fighting
 * Level 1.3 Axes
 * Level 1.3 Armour
 * Level 1.9 Dodging
 * Level 1.7 Stealth
 * Level 2.2 Spellcasting
 * Level 1.4 Conjurations
 * Level 4.2 Fire Magic


You had 4 spell levels left.
You knew the following spells:

 Your Spells              Type           Power      Damage    Failure   Level
a - Foxfire               Conj/Fire      32%        2x1d5     8%          1
b - Scorch                Fire           24%        2d6       7%          2

Your spell library contained the following spells:

 Spells                   Type           Power      Damage    Failure   Level
 Inner Flame              Hex/Fire       6%         N/A       30%         3
 Volatile Blastmotes      Fire/Tloc      12%        2d11      30%         3
 Flame Wave               Conj/Fire      8%         2d5       61%         4


Dungeon Overview and Level Annotations

Branches:
Dungeon (3/15)              Sewer (1/1)

Altars:


Message History

Your foxfire dissipates!
You enter the shallow water.
Moving in this stuff is going to be slow.
You enter the shallow water.
Moving in this stuff is going to be slow.
Found four items.
Found a scroll labelled VEONWA JEPUPNOJ and a quarterstaff.
A ball python comes into view. 2 bullfrogs come into view.
The bullfrog croaks.
The bullfrog gives a loud, deep croak!
The bullfrog swells and bulges.
A dart slug comes into view.
You slash the bullfrog!
The bullfrog is heavily wounded.
You hit the bullfrog. You hit the ball python. The ball python bites you.
The ball python grabs you. The ball python constricts you.
The bullfrog hits you. The bullfrog hits you!
The ball python closely misses you. The ball python constricts you.
You escape the ball python's grasp.
The bullfrog hits you.
You enter the shallow water.
Moving in this stuff is going to be slow.
The bullfrog attacks as it pursues you! The bullfrog hits you.
The ball python attacks as it pursues you!
The ball python closely misses you. The ball python grabs you.
The ball python constricts you. The ball python bites you.
The ball python constricts you. The bullfrog hits you.
* * * LOW HITPOINT WARNING * * *
It was a potion of degeneration.
There was something very wrong with that liquid.
You feel weakened.
You feel dopey.
You feel clumsy. The bullfrog barely misses you. The bullfrog hits you.
* * * LOW HITPOINT WARNING * * *
The ball python bites you.
* * * LOW HITPOINT WARNING * * *
The ball python constricts you. The bullfrog barely misses you.
It was a potion of enlightenment.
You feel very buoyant.
You fly up into the air.
The bullfrog barely misses you. The bullfrog closely misses you.
The ball python bites you.
You die...

##~~~~~#####~††~~#
#~~~~###~~~###.~~#
#†~.##~.~...~##~~##
##~~##..~~~~~~~##~.##
#.~~#~~.~~.~~~.†~~.~#
#~~##~~~#######.~~~~#
##~~#.~~##≈~~~~###~#######
#~.~#~~##≈~~~~F~.###...~~#
#~.##†~#≈~..~.F@~~.#~~~~~#
#~.#~~##≈~.?..S##..#.~~~.#
#~~#~~#≈~.!$$~~~#.~#.~#~.#
#~~#~~#≈~.??~.~~#~~#~~#~.#
#~~#~~#≈~.)...~.#~~##~#~~#
#~~#~~#≈≈~.w.~~≈#~~.#.#~~#
#~.#†~#≈≈~~~~~.≈#.~∩#.#~~#
#~~#.~##≈≈~~~~≈##~~~#~#~.#
#~~##~~# #~~###~#~~#


You could see 2 bullfrogs, a dart slug and a ball python.

Vanquished Creatures
  3 adders
  2 ribbon worms (D:2)
  3 dart slugs
  11 endoplasms
  13 giant cockroaches (Sewer)
  A goblin (D:2)
  A hobgoblin (D:2)
  4 quokkas (D:3)
  4 ball pythons (Sewer)
  2 bats (D:2)
  12 frilled lizards
  4 kobolds (D:1)
  A rat (D:2)
61 creatures vanquished.

Vanquished Creatures (others)
  70 foxfires
70 creatures vanquished.

Grand Total: 131 creatures vanquished

Notes
Turn   | Place    | Note
-------+----------+-------------------------------------------
     0 | D:1      | NamelessAdventurer the Hill Orc Fire Elementalist began the
                  | quest for the Orb.
     0 | D:1      | Reached XP level 1. HP: 14/14 MP: 3/3
   306 | D:1      | Reached XP level 2. HP: 20/20 MP: 2/4
   312 | D:1      | Learned a level 2 spell: Scorch
   401 | D:2      | Identified the +9 hand axe "Zaiddaix" {speed, *Corrode
                  | Str+4 Dex+3}
   499 | D:2      | Found a faded altar of an unknown god.
   782 | D:2      | Reached XP level 3. HP: 21/27 MP: 0/5
   845 | D:3      | Reached skill level 4 in Fire Magic
   964 | D:3      | Found a glowing drain.
   981 | Sewer    | Entered a sewer
  1042 | Sewer    | Reached skill level 1 in Axes
  1042 | Sewer    | Reached XP level 4. HP: 29/34 MP: 3/7
  1175 | Sewer    | Reached skill level 1 in Armour
  1367 | Sewer    | Reached skill level 1 in Fighting
  1459 | Sewer    | Noticed a bullfrog
  1459 | Sewer    | Noticed a bullfrog
  1464 | Sewer    | HP: 1/35 [ball python (2)]
  1465 | Sewer    | Slain by a ball python

Illustrated notes

Levels and vault maps discovered:
D:1:      scummos_arrival_gate, layout_loops_cross
D:2:      layout_basic, basic_altar, ebering_ecumenical_altar_mist,
          kennysheep_path_1, uniq_crazy_yiuf_cottage
D:3:      layout_basic, portal_sewer_entry_f, minmay_crystal_room,
          minmay_lizard_king, uniq_jessica
Sewer:    sewer_frog_island_02

Skill      XL: |  1  2  3  4 |
---------------+-------------+-----
Fire Magic     | 4 |  4.2
Spellcasting   | 2 |  2.2
Axes           | 1 |  1.3
Armour         | 1 |  1.3
Fighting       | 1 |  1.0
Dodging        | |  1.9
Stealth        | |  1.7
Conjurations   | |  1.4

Action                     |  1- 3 |  4- 6 || total
---------------------------+-------+-------++-------
  Melee: Hand axe          |    18 |    28 ||    46
         Punch             |       |     1 ||     1
   Cast: Foxfire           |    20 |    20 ||    40
         Scorch            |    11 |       ||    11
    Use: Scroll            |     2 |       ||     2
         Potion            |       |     2 ||     2
   Stab: Sleeping          |     1 |       ||     1
 Armour: Robe              |    19 |    30 ||    49
  Dodge: Dodged            |    22 |    29 ||    51
